 Dungeon Sprint DCSS version 0.23.2-11-gf996548c65 (webtiles) character file.

Game seed: 7273369196721014472

2692 wilfster70 the Quickloader (level 9, -3/78 HPs)
             Began as a Formicid Hunter on June 5, 2019.
             Was a High Priest of Qazlal.
             Killed by divine providence
             ... invoked by a mummy priest
              (11 damage)
             ... in the Dungeon (Sprint V: "Ziggurat Sprint").
             The game lasted 00:06:21 (445 turns).

wilfster70 the Quickloader (Formicid Hunter)         Turns: 445, Time: 00:06:21

Health: -3/78      AC: 25    Str: 32    XL:     9   Next: 96%
Magic:  15/15      EV:  4    Int: 11    God:    Qazlal [*****.]
Gold:   0          SH: 37    Dex: 11    Spells: 8/8 levels left

rFire    + . .     SeeInvis +   b - +9 broad axe
rCold    + . .     Gourm    .   h - +18 shield of the Gong {rElec rN+ MR+ EV-5}
rNeg     + . .     Faith    .   l - +5 gold dragon scales
rPois    +         Spirit   .   (helmet unavailable)
rElec    +         Reflect  .   (no cloak)
rCorr    .         Harm     .   (no gloves)
MR       +....                  (no boots)
Stlth    ..........             (no amulet)
HPRegen  0.23/turn              F - +6 ring of strength
MPRegen  0.14/turn              G - +6 ring of strength

@: protected from physical damage, repel missiles
A: permanent stasis, dig shafts and tunnels, four strong arms, antennae 3
a: Dig, Upheaval, Elemental Force, Disaster Area, Renounce Religion


You were in the Dungeon.
You worshipped Qazlal.
Qazlal was extremely pleased with you.
You were not hungry.

You visited 1 branch

Inventory:

Hand Weapons
 a - the +9 heavy crossbow "Sniper" {velocity, Acc+∞ SInv}
   (You found it in the Dungeon)

   Any bolt fired from it inflicts extra damage.
   It lets you see invisible.
 b - a +9 broad axe (weapon)
Missiles
 d - 1038 bolts
Armour
 h - the +18 shield of the Gong (worn) {rElec rN+ MR+ EV-5}
   (You found it in the Dungeon)

   It affects your evasion (-5).
   It insulates you from electricity.
   It protects you from negative energy.
   It affects your resistance to hostile enchantments.
 l - +5 gold dragon scales (worn)
Jewellery
 D - a +6 ring of intelligence
 E - a +6 ring of intelligence
 F - a +6 ring of strength (left hand)
 G - a +6 ring of strength (right hand)
Wands
 s - a wand of disintegration (7)
 t - a wand of iceblast (7)
 u - a wand of acid (7)
Scrolls
 v - 4 scrolls of amnesia
 w - 7 scrolls of fog
 x - a scroll of holy word
 y - 5 scrolls of identify
 z - 5 scrolls of remove curse
 A - 2 scrolls of fear
Potions
 e - 10 potions of curing
 g - 10 potions of heal wounds
 i - 7 potions of magic
 m - 2 potions of brilliance
 n - 2 potions of invisibility
 o - 4 potions of resistance
 q - 5 potions of agility
 r - 5 potions of might
Miscellaneous
 c - a box of beasts
 j - a lamp of fire
Comestibles
 f - 7 rations


   Skills:
 + Level 10.1 Fighting
 + Level 3.7 Axes
 * Level 10.7 Crossbows
 + Level 9.6 Armour
 + Level 8.0 Dodging
 - Level 1.2 Stealth
 - Level 9.4 Shields
 + Level 5.1 Invocations
 - Level 8.3 Evocations


You had 8 spell levels left.
You didn't know any spells.
Your spell library contained the following spells:

 Spells                   Type           Power        Failure   Level  Hunger
 Summon Butterflies       Summ           #.......     100%        1    ##.....
 Call Canine Familiar     Summ           #.......     100%        3    ####...
 Gell's Gravitas          Tloc           #.........   100%        3    ####...
 Recall                   Summ/Tloc      N/A          100%        3    ####...
 Regeneration             Chrm/Necr      #.........   100%        3    ####...
 Spectral Weapon          Hex/Chrm       #.......     100%        3    ####...
 Summon Ice Beast         Ice/Summ       #.......     100%        4    #####..
 Aura of Abjuration       Summ           #.........   100%        5    ######.
 Summon Demon             Summ           #.........   100%        5    ######.
 Summon Forest            Summ/Tloc      #.........   100%        5    ######.
 Summon Mana Viper        Hex/Summ       #.......     100%        5    ######.
 Shadow Creatures         Summ           N/A          100%        6    #######
 Summon Hydra             Summ           #.........   100%        7    #######
 Controlled Blink         Tloc           Unusable     N/A         8    N/A

Dungeon Overview and Level Annotations

Branches:
Dungeon (1/1)

Altars:
Ashenzari
Cheibriados
Dithmenos
Elyvilon
Fedhas
Gozag
Hepliaklqana
Kikubaaqudgha
Makhleb
Nemelex Xobeh
Okawaru
Qazlal
Ru
Sif Muna
Trog
Uskayaw
Vehumet
Wu Jian
Xom
Yredelemnul
Zin
The Shining One
Beogh
Jiyva
Lugonu

Annotations:
D 1 transporter


Innate Abilities, Weirdness & Mutations

You cannot be hasted, slowed, berserked, paralysed or teleported.
You can dig through walls and to a lower floor.
Your four strong arms can wield two-handed weapons with a shield.
You have a pair of large antennae on your head. (SInv)


Message History

BOUMMMMG!
You block the mummy priest's attack.
PTOANNNG!
The guardian mummy is struck by lightning.
You block the guardian mummy's attack.
GONNNNG!
You slice the guardian mummy!!
You destroy the guardian mummy!
Qazlal accepts your kill.
Your Fighting skill increases to level 10!
Your Dodging skill increases to level 8!
Your Invocations skill increases to level 5!
You hit the mummy priest.
You feel extremely nervous for a moment...
Flickering shadows surround you.
You slash the soul eater! You block the soul eater's attack.
PTOANNNG!
The mummy priest calls down the wrath of its god upon you.
Something smites you!
You die... ▓▓▓▓▓▓▓▓▓▓▓▓▓▓▓▓▓▓▓ ▓..8©8..▓ {{{{

▓..|[=..▓
{{{
▓..[}...▓
▓.......▓
▓...(...▓
▓.○.....▓
▓..○°3..▓
▓..§@MW.▓
▓..☼W○☼.▓
▓▓▓▓▓▓▓▓▓
{{{ {{{


You could see a mummy priest, a soul eater and 2 shadows.

Vanquished Creatures
  A thrashing horror (D)
  A large abomination (D)
  A yaktaur (D)
  2 guardian mummies (D)
  A flying skull (D)
  2 golden eyes (D)
  2 floating eyes (D)
  A phantom (D)
  A necrophage (D)
  A centaur (D)
  2 orc priests (D)
  A mummy (D)
  A shadow imp (D)
  An ooze (D)
  2 orcs (D)
  A bat skeleton (D)
  A bat zombie (D)
  A quokka zombie (D)
23 creatures vanquished.

Notes
Turn   | Place    | Note
-------+----------+-------------------------------------------
     0 | D        | Found the +6 Majin-Bo {vamp, Archmagi MP+6 Int+6}
     0 | D        | Found the +7 great mace "Firestarter" {inner flame, rF++}
     0 | D        | wilfster70 the Formicid Hunter began the quest for the Orb.
     0 | D        | Reached XP level 1. HP: 16/16 MP: 1/1
     0 | D        | Found a deep blue altar of Sif Muna.
     0 | D        | Found a bloodstained altar of Trog.
     0 | D        | Found a sacrificial altar of Ru.
     0 | D        | Found a stormy altar of Qazlal.
     0 | D        | Found an iron altar of Okawaru.
     5 | D        | Found a blossoming altar of Fedhas.
    19 | D        | Found a sparkling altar of Nemelex Xobeh.
    29 | D        | Found a transporter.
    29 | D        | Found an ancient bone altar of Kikubaaqudgha.
    29 | D        | Found a viscous altar of Jiyva.
    29 | D        | Found a corrupted altar of Lugonu.
    29 | D        | Found a hazy altar of Hepliaklqana.
    29 | D        | Found a burning altar of Makhleb.
    29 | D        | Found an opulent altar of Gozag.
    57 | D        | Found the +9 heavy crossbow "Sniper" {velocity, Acc+∞ SInv}
    57 | D        | Found the +10 dark maul {crush}
    57 | D        | Found the +15 Maxwell's patent armour {-Cast -Tele rElec
                  | MR+ rCorr}
    57 | D        | Found the +18 shield of the Gong {rElec rN+ MR+ EV-5}
    57 | D        | Found the cursed +14 obsidian axe {chop, +Fly SInv *Curse}
    80 | D        | Became a worshipper of Qazlal Stormbringer
   113 | D        | Reached skill level 5 in Crossbows
   113 | D        | Reached XP level 2. HP: 25/25 MP: 1/4
   150 | D        | Entered arena 2.
   150 | D        | Noticed a centaur
   150 | D        | Noticed a yaktaur
   150 | D        | Found a transporter.
   151 | D        | Identified the cursed +3 long sword of Biczaqe {flame,
                  | MR++}
   151 | D        | Killed a centaur
   151 | D        | Reached skill level 5 in Fighting
   151 | D        | Reached XP level 3. HP: 33/33 MP: 4/6
   151 | D        | Reached XP level 4. HP: 39/39 MP: 4/7
   153 | D        | Killed a yaktaur
   153 | D        | Reached XP level 5. HP: 47/47 MP: 4/9
   153 | D        | Reached XP level 6. HP: 53/53 MP: 4/10
   198 | D        | Entered arena 3.
   198 | D        | Noticed a thrashing horror
   198 | D        | Noticed a large abomination
   198 | D        | Found a transporter.
   199 | D        | Found the +7 longbow "Piercer" {penet, EV-2}
   201 | D        | Killed a thrashing horror
   201 | D        | Reached * piety under Qazlal
   201 | D        | Reached XP level 7. HP: 31/62 MP: 10/12
   201 | D        | Reached XP level 8. HP: 34/68 MP: 10/13
   204 | D        | Killed a large abomination
   364 | D        | Entered arena 4.
   364 | D        | Found a transporter.
   365 | D        | Reached ** piety under Qazlal
   366 | D        | Reached skill level 1 in Invocations
   366 | D        | Reached XP level 9. HP: 76/76 MP: 15/15
   385 | D        | Entered arena 5.
   385 | D        | Found a transporter.
   386 | D        | Reached *** piety under Qazlal
   397 | D        | Got the Almanac of Assistive Orientation
   406 | D        | Entered arena 6.
   406 | D        | Found a transporter.
   409 | D        | Reached skill level 1 in Axes
   412 | D        | Reached **** piety under Qazlal
   415 | D        | Reached ***** piety under Qazlal
   431 | D        | Entered arena 7.
   431 | D        | Noticed a guardian mummy
   431 | D        | Noticed a mummy priest
   431 | D        | Noticed a guardian mummy
   432 | D        | Found the +3 robe of Clouds {+Thunder rCloud rElec}
   437 | D        | Noticed a soul eater
   437 | D        | Reached skill level 10 in Crossbows
   438 | D        | Found a transporter.
   439 | D        | Noticed a freezing wraith
   440 | D        | Killed a guardian mummy
   445 | D        | Killed a guardian mummy
   445 | D        | Reached skill level 10 in Fighting
   445 | D        | Reached skill level 5 in Invocations
   445 | D        | Killed from afar by a mummy priest

Skill      XL: |  1  2  3  4  5  6  7  8  9 |
---------------+----------------------------+-----
Fighting       | 4 5 6 8 9 10 | 10.1
Crossbows      | 5 7 8 9 10 | 10.7
Armour         | 3 4 6 7 8 9 |  9.6
Shields        | 3 4 6 8 9 |  9.4
Evocations     | 3 4 6 7 8 |  8.3
Dodging        | 2 4 6 7 8 |  8.0
Invocations    | 1 5 |  5.1
Axes           | 3 |  3.7
Stealth        | |  1.2

Action                   |  1- 3 |  4- 6 |  7- 9 || total
-------------------------+-------+-------+-------++-------
Melee: Broad axe         |       |       |    15 ||    15
 Fire: Heavy crossbow    |     1 |     5 |    13 ||    19
  Use: Potion            |     1 |       |       ||     1
       Scroll            |       |       |     4 ||     4
Armor: Gold dragon scale |       |     1 |    10 ||    11
Dodge: Dodged            |       |       |     7 ||     7
Block: Shield            |     1 |     5 |    47 ||    53
